 Dungeon Crawl Stone Soup version 0.16.2-2-g470672f (webtiles) character file.

229 monobi the Insei (level 6, 0/43 HPs)
             Began as an Octopode Monk on Sept 4, 2015.
             Slain by a gnoll (7 damage)
             ... on level 3 of the Dungeon.
             The game lasted 00:03:56 (2679 turns).

monobi the Insei (Octopode Monk)                    Turns: 2679, Time: 00:03:56

Health: 0/43       AC:  1    Str: 11    XL:     6   Next: 3%
Magic:  6/6        EV: 21    Int: 12    God:
Gold:   135        SH:  0    Dex: 24    Spells: 0 memorised, 5 levels left

rFire  . . .     SeeInvis .       - Unarmed
rCold  + . .     Clarity  .     (no shield)
rNeg   . . .     SustAb   .     (helmet restricted)
rPois  .         Gourm    .     (no amulet)
rElec  .         Spirit   .     d - ring of protection from cold
rCorr  .         Warding  .     e - ring of flight
rMut   .         Stasis   .     g - +3 ring of dexterity
MR     .....                    l - ring of wizardry
Stlth  +++++.....               (no ring)
                                (no ring)
                                (no ring)
                                (no ring)

@: agile, not resistant to hostile enchantments, quite stealthy
A: almost no armour, amphibious, 8 rings, constrict 8, camouflage 1, gelatinous
body 1
a: Evoke Flight


You were on level 3 of the Dungeon.
You were hungry.

You visited 1 branch of the dungeon, and saw 3 of its levels.

You collected 135 gold pieces.

Inventory:

Hand weapons
 k - a +1 spear of venom
Jewellery
 d - a ring of protection from cold (left tentacle)
 e - a ring of flight (right tentacle)
 g - a +3 ring of dexterity (on tentacle)
 l - a ring of wizardry (on tentacle)
Scrolls
 a - a scroll of immolation {unknown}
 f - a scroll of noise {unknown}
 h - a scroll of blinking {unknown}
 i - a scroll of recharging {unknown}
 j - 2 scrolls of identify {unknown}
 m - a scroll of teleportation {unknown}
Comestibles
 b - 4 bread rations
 c - a meat ration


   Skills:
 + Level 3.9 Fighting
 + Level 4.2 Dodging
 + Level 4.2 Stealth
 + Level 5.3 Unarmed Combat


You had 5 spell levels left.
You didn't know any spells.

Dungeon Overview and Level Annotations

Branches:
Dungeon (3/15)

Altars:


Innate Abilities, Weirdness & Mutations

You cannot wear most types of armour.
You are amphibious.
You can wear up to eight rings at the same time.
You can use your tentacles to constrict many enemies at once.
Your skin changes colour to match your surroundings (Stealth).
Your rubbery body absorbs attacks (AC +1).


Message History

You constrict the gnoll, but do no damage.
The gnoll closely misses you. x2
You tentacle-slap the gnoll. You squeeze the gnoll.
The gnoll is almost dead.
You constrict the gnoll, but do no damage.
The gnoll hits you with a whip!
* * * LOW HITPOINT WARNING * * *
The gnoll completely misses you. The gnoll closely misses you.
You tentacle-slap the gnoll.
You kill the gnoll!
You have reached level 6!
Your experience leads to an increase in your attributes!
Your base attributes are Str 11, Int 12, Dex 15.
Increase (S)trength, (I)ntelligence, or (D)exterity?
You feel agile. The gnoll closely misses you. The gnoll hits you with a club.
* * * LOW HITPOINT WARNING * * *
The gnoll hits you!
You die...

.........#########....
........>.... ........
.......)...#.# ####....
...........#'###.......
####......g............
#.#####............. #
######..........## #####
#....'..........#
.......#@####..........#
#g.g..#..........##
.......K....#..........##
...........#..........##
...........#..........##
........####..........##
.......# #..........#
....... #..........#
...... #..........#


You could see 2 gnolls and a kobold.

Vanquished Creatures
  An orc priest (D:3)
  2 orc wizards (D:3)
  5 gnolls (D:3)
  3 adders (D:2)
  A giant mite (D:2)
  A worm (D:3)
  A giant gecko (D:3)
  3 oozes
  5 orcs (D:3)
  5 bats (D:1)
  3 giant cockroaches
  5 hobgoblins
  2 giant newts (D:1)
  5 goblins
  9 kobolds
  A quokka (D:3)
  6 rats
58 creatures vanquished.

Notes
Turn   | Place    | Note
--------------------------------------------------------------
     0 | D:1      | monobi, the Octopode Monk, began the quest for the Orb.
     0 | D:1      | Reached XP level 1. HP: 16/16 MP: 1/1
    76 | D:1      | Reached XP level 2. HP: 7/21 MP: 2/2
   576 | D:1      | Reached XP level 3. HP: 16/26 MP: 3/3
  1455 | D:2      | Reached XP level 4. HP: 19/31 MP: 4/4
  1713 | D:3      | Reached skill level 5 in Unarmed Combat
  1770 | D:3      | Reached XP level 5. HP: 21/36 MP: 5/5
  2181 | D:3      | HP: 1/37 [poisoned by a gnoll]
  2667 | D:3      | HP: 1/37 [gnoll (6)]
  2678 | D:3      | Reached XP level 6. HP: 12/43 MP: 6/6
  2679 | D:3      | Slain by a gnoll

Action                   |  1- 3 |  4- 6 || total
-------------------------+-------+-------++-------
Melee: Unarmed           |    85 |    56 ||   141
  Use: Potion            |       |     7 ||     7
 Stab: Sleeping          |     5 |     5 ||    10
  Eat: Meat ration       |       |     1 ||     1
